 Dungeon Crawl Stone Soup version 0.31-a0-799-g6bc09d010c (webtiles) character file.

Game seed: 18350243101185052444

100 Newt the Trooper (level 4, -3/37 HPs)
             Began as a Demonspawn Gladiator on Sept 19, 2023.
             Slain by a gnoll
             ... wielding a +0 spear
              (9 damage)
             ... on level 2 of the Dungeon.
             The game lasted 00:01:55 (2120 turns).

Newt the Trooper (Demonspawn Gladiator)             Turns: 2120, Time: 00:01:56

Health: -3/37      AC:  5    Str: 17    XL:     4   Next: 46%
Magic:  4/4        EV: 12    Int:  9    God:
Gold:   52         SH:  0    Dex: 14    Spells: 3/3 levels left

rFire   . . .        a - +0 rapier
rCold   . . .        (no shield)
rNeg    . . .        b - +0 leather armour
rPois   .            c - +0 helmet
rElec   .            l - +0 cloak
rCorr   .            (no gloves)
SInv    .            (no boots)
Will    +....        (no amulet)
Stlth   +            g - ring of willpower
HPRegen 0.26/turn    (no ring)
MPRegen 0.09/turn

%: no passive effects
@: no status effects
A: powered by pain 1, weakness stinger 1
a: no special abilities


You were on level 2 of the Dungeon.
You visited 1 branch of the dungeon, and saw 3 of its levels.

You collected 88 gold pieces.
You spent 36 gold pieces at shops.

Inventory:

Hand Weapons
 a - a +0 rapier (weapon)
Missiles
 d - 3 throwing nets (quivered)
 e - a javelin
 f - 2 poisoned darts
 k - 6 boomerangs
Armour
 b - a +0 leather armour (worn)
 c - a +0 helmet (worn)
 l - a +0 cloak (worn)
Jewellery
 g - a ring of willpower (left hand)
 i - a ring of fire
Scrolls
 m - a scroll of immolation {unknown}
 n - a scroll of revelation {unknown}
Potions
 h - a potion of heal wounds {unknown}
 j - a potion of lignification {unknown}
 o - 3 potions of curing
 p - a potion of degeneration {unknown}


   Skills:
 - Level 4.0 Fighting
 + Level 3.6 Short Blades
 - Level 1.7 Throwing
 - Level 2.6 Dodging


You had 3 spell levels left.
You didn't know any spells.
Your spell library contained the following spells:

 Spells                   Type           Power      Damage    Failure   Level
 Foxfire                  Conj/Fire      0%         2x1d4     45%         1
 Cigotuvi's Dreadful Rot  Necr/Pois/Air  0%         N/A       58%         2
 Ignite Poison            Fire/Tmut/Pois 0%         N/A       83%         3
 Anguish                  Hex/Necr       0%         N/A       99%         4
 Cause Fear               Hex            0%         N/A       99%         4
 Freezing Cloud           Conj/Ice/Air   0%         6-21      100%        5
 Plasma Beam              Fire/Air       0%         2x1d10    100%        6
 Starburst                Conj/Fire      0%         6d3       100%        6
 Enfeeble                 Hex            0%         N/A       100%        7


Dungeon Overview and Level Annotations

Branches:
Dungeon (3/15)

Altars:

Shops:
D:2 !


Innate Abilities, Weirdness & Mutations

You sometimes gain a little power by taking damage.
You have a small tail.


Message History

You hit the frilled lizard.
You kill the frilled lizard!
No target in view!
No target in view!
You start resting.
A gnoll is nearby!
A gnoll is nearby!
You catch the helpless gnoll completely off-guard!
You hit the gnoll.
The gnoll is moderately wounded.
The gnoll shouts!
The gnoll misses you. The gnoll hits you with a +0 spear.
The gnoll attacks as it pursues you!
The gnoll hits you from afar with a +0 spear.
The gnoll closely misses you.
The gnoll hits you from afar with a +0 spear.
The gnoll misses you. The gnoll attacks as it pursues you!
The gnoll hits you but does no damage.
There is a stone staircase leading up here.
The gnoll closely misses you.
There is a stone staircase leading up here.
The gnoll hits you but does no damage. The gnoll barely misses you.
You climb upwards.
There is a stone staircase leading down here.
Unknown command.
You hit the gnoll.
The gnoll is heavily wounded.
The gnoll hits you with a +0 spear!
You hit the gnoll.
Your tail-slap misses the gnoll.
The gnoll is severely wounded.
The gnoll barely misses you.
You hit the gnoll.
The gnoll is severely wounded.
The gnoll misses you.
You hit the gnoll.
Your tail-slap misses the gnoll.
The gnoll is almost dead.
The gnoll hits you with a +0 spear!
* * * LOW HITPOINT WARNING * * *
The gnoll hits you with a +0 spear!
You die...

##.#####.##
#..........
#..........
#..........
#..........
#####......
##.###.
############..###.
#@g...............
#.......>....#####
#..........#####
#..............###
#.........####...#
######.#### ###.#
###..# #.# #...##
#.. #.### ####


You could see a gnoll.

Vanquished Creatures
  A gnoll (D:3)
  4 adders (D:2)
  A white imp (D:3)
  A worm (D:2)
  A dart slug (D:2)
  5 bats
  5 giant cockroaches
  3 goblins
  5 hobgoblins
  5 kobolds
  3 quokkas
  2 ball pythons (D:1)
  3 frilled lizards
  6 rats
45 creatures vanquished.

Notes
Turn   | Place    | Note
-------+----------+-------------------------------------------
     0 | D:1      | Newt the Demonspawn Gladiator began the quest for the Orb.
     0 | D:1      | Reached XP level 1. HP: 16/16 MP: 1/1
   139 | D:1      | Discovered your monstrous ancestry.
   139 | D:1      | Gained mutation: You have a small tail. [demonic ancestry]
   139 | D:1      | Reached XP level 2. HP: 14/23 MP: 2/2
   257 | D:1      | Reached skill level 3 in Fighting
   418 | D:1      | Found a faded altar of an unknown god.
   904 | D:2      | Reached XP level 3. HP: 29/29 MP: 3/3
  1174 | D:2      | Reached skill level 4 in Fighting
  1310 | D:2      | Found Gekawk Ciqo's Distillery.
  1320 | D:2      | Bought a potion of curing for 36 gold pieces
  1434 | D:2      | Gained mutation: You sometimes gain a little power by
                  | taking damage. [demonic ancestry]
  1434 | D:2      | Reached XP level 4. HP: 28/37 MP: 4/4
  2120 | D:2      | Slain by a gnoll

Illustrated notes

Levels and vault maps discovered:
D:1:      lightli_arrival_chessboard, layout_basic,
          chequers_ecumenical_altar_lobes, minmay_tetromino_s4
D:2:      layout_rooms, serial_shops, shop
D:3:      layout_loops_ring, nicolae_qazlal_eye_of_the_storm, serial_shops, shop

Skill      XL: |  1  2  3 |
---------------+----------+-----
Fighting       | 3 4 |  4.0
Short Blades   | 3 |  3.6
Throwing       | |  1.7
Dodging        | |  2.6

Action                     |  1- 3 |  4- 6 || total
---------------------------+-------+-------++-------
  Melee: Rapier            |   125 |    43 ||   168
         Tailslap          |     7 |     4 ||    11
         Punch             |       |     1 ||     1
   Stab: Distracted        |       |     1 ||     1
 Armour: Leather armour    |    65 |    43 ||   108
  Dodge: Dodged            |    92 |    39 ||   131

Table legend: (Time is in decaauts)
 A = Elapsed time spent in this place.
 B = Non-inter-level travel time spent in this place.
 C = Inter-level travel time spent in this place.
 D = Time resting spent in this place.
 E = Time spent auto-exploring this place.
 F = Levels seen in this place.
 G = Mean time per level.
                   A        B        C        D        E       F      G
               +--------+--------+--------+--------+--------+-----+--------+
         Total |   2129 |   1956 |    173 |    637 |    938 |   3 |  709.7 |
       Dungeon |   2129 |   1956 |    173 |    637 |    938 |   3 |  709.7 |
               +--------+--------+--------+--------+--------+-----+--------+

Top non-repeatable levels by time:
     D:2: 1107 daAuts
     D:1: 759 daAuts
     D:3: 262 daAuts
